 Dungeon Crawl Stone Soup version 0.22.1-1-ga44c0e56f4 (webtiles) character file.

392001 rebmob the Executioner (level 22, -6/217 HPs)
             Began as a Minotaur Gladiator on Oct 10, 2018.
             Was a High Priest of Okawaru.
             Killed from afar by a starcursed mass (12 damage)
             ... with an accursed screaming
             ... on level 5 of the Abyss.
             The game lasted 03:40:07 (47402 turns).

rebmob the Executioner (Minotaur Gladiator)        Turns: 47402, Time: 03:40:07

Health: -6/217     AC: 46    Str: 25      XL:     22   Next: 11%
Magic:  29/29      EV: 14    Int: 12 (15) God:    Okawaru [*****.]
Gold:   1905       SH: 28    Dex: 25      Spells: 21/21 levels left

rFire    + + .     SeeInvis +   L - +10 hand axe "Siuminodu" {chop, +Fly rElec Dex+4 SInv}
rCold    + . .     Gourm    .   D - +4 large shield "Isaesofi" {Int+3 Slay+3}
rNeg     . . .     Faith    .   d - +8 orange crystal plate armour {Archmagi, Int+3 Clar}
rPois    +         Spirit   .   c - +2 hat
rElec    +         Reflect  .   A - +2 cloak {rC+}
rCorr    .         Harm     .   g - +2 pair of gloves
MR       +....     Clarity  +   a - +0 pair of boots
Stlth    ..........             P - amulet of Panentheism {Inacc rElec rF+ Str+4 Int+4}
HPRegen  0.46/turn              l - ring of protection from fire
MPRegen  0.21/turn              J - ring of poison resistance

@: agile, constricted, silenced
A: retaliatory headbutt, horns 2, [blurry vision 3], [deterioration 2],
[screaming 2], [weak 2], [no potion heal 2]
}: 2/15 runes: decaying, serpentine
a: Renounce Religion, Evoke Flight


You were on level 5 of the Abyss.
You worshipped Okawaru.
Okawaru was extremely pleased with you.
You were hungry.

You visited 8 branches of the dungeon, and saw 38 of its levels.
You visited the Abyss 1 time.
You also visited: Sewer, Ossuary and Ice Cave.

You collected 4414 gold pieces.
You spent 2509 gold pieces at shops.

Inventory:

Hand Weapons
 L - the +10 hand axe "Siuminodu" (weapon) {chop, +Fly rElec Dex+4 SInv}
   (Okawaru gifted it to you on level 6 of the Lair of Beasts)

   It inflicts extra damage upon your enemies.
   It affects your dexterity (+4).
   It insulates you from electricity.
   It lets you see invisible.
   It lets you fly.
 Q - the +9 flail of Ciqeepaw {freeze, +Inv rElec rF- Int+4}
   (You found it on level 3 of the Swamp)

   It has been specially enchanted to freeze those struck by it, causing extra
   injury to most foes and up to half again as much damage against particularly
   susceptible opponents.
   It can also slow down cold-blooded creatures.
   It affects your intelligence (+4).
   It makes you vulnerable to fire.
   It insulates you from electricity.
   It lets you turn invisible.
Armour
 a - a +0 pair of boots (worn)
 c - a +2 hat (worn)
 d - the +8 orange crystal plate armour (worn) {Archmagi, Int+3 Clar}
   (You bought it in a shop on level 1 of the Snake Pit)

   It affects your intelligence (+3).
   It protects you against confusion.
 g - a +2 pair of gloves (worn)
 u - the +1 ice dragon scales of Quakate {+Fly rF- rC++ rN+ Str+5}
   (Okawaru gifted it to you on level 4 of the Vaults)

   It affects your strength (+5).
   It makes you vulnerable to fire.
   It greatly protects you from cold.
   It protects you from negative energy.
   It lets you fly.
 A - a +2 cloak of cold resistance (worn)
 D - the +4 large shield "Isaesofi" (worn) {Int+3 Slay+3}
   (Okawaru gifted it to you on level 4 of the Snake Pit)

   It affects your intelligence (+3).
   It affects your accuracy and damage with ranged weapons and melee attacks
   (+3).
 M - the +2 scale mail of Noon {*Slow rC+++ Str-5 Int+7}
   (Okawaru gifted it to you on level 3 of the Snake Pit)

   It affects your strength (-5).
   It affects your intelligence (+7).
   It renders you almost immune to cold.
   It may slow you when you take damage.
Jewellery
 l - a ring of protection from fire (left hand)
 J - a ring of poison resistance (right hand)
 P - the amulet of Panentheism (around neck) {Inacc rElec rF+ Str+4 Int+4}
   (You found it on level 13 of the Dungeon)

   [amulet of inaccuracy]

   It reduces the accuracy of all your attacks.
   It affects your strength (+4).
   It affects your intelligence (+4).
   It protects you from fire.
   It insulates you from electricity.
Wands
 h - a wand of disintegration (30)
 j - a wand of polymorph (47)
 s - a wand of scattershot (10)
 v - a wand of clouds (14)
 E - a wand of paralysis (16)
 F - a wand of acid (11)
 I - a wand of enslavement (71)
 T - a wand of digging (24)
 X - a wand of iceblast (58)
 Y - a wand of flame (38)
Scrolls
 i - 17 scrolls of teleportation
 m - 5 scrolls of blinking
 n - a scroll of identify
 p - 13 scrolls of remove curse
 r - a scroll of torment
 t - 7 scrolls of magic mapping
 x - 3 scrolls of fog
 y - 4 scrolls of fear
 C - 6 scrolls of immolation
 G - a scroll of brand weapon
 O - a scroll of vulnerability
 R - 3 scrolls of enchant weapon
 U - 2 scrolls of summoning
 V - 3 scrolls of holy word
Potions
 b - 3 potions of resistance
 e - 6 potions of flight
 k - 6 potions of mutation
 o - 2 potions of berserk rage
 z - 4 potions of heal wounds
 B - 4 potions of agility
 K - a potion of magic
 N - 3 potions of might
 W - 7 potions of curing
 Z - a potion of cancellation
Comestibles
 f - 52 rations


   Skills:
 * Level 22.8 Fighting
 * Level 22.8 Axes
 - Level 2.0 Throwing
 * Level 20.0 Armour
 - Level 10.0 Dodging
 * Level 18.8 Shields
 + Level 10.6 Invocations
 - Level 7.7 Evocations


You had 21 spell levels left.
You didn't know any spells.
Your spell library contained the following spells:

 Spells                   Type           Power        Failure   Level  Hunger
 Corona                   Hex            #......      100%        1    ##.....
 Flame Tongue             Conj/Fire      #....        100%        1    ##.....
 Summon Small Mammal      Summ           #...         100%        1    ##.....
 Blink                    Tloc           N/A          100%        2    ###....
 Call Imp                 Summ           #.......     100%        2    ###....
 Ensorcelled Hibernation  Hex/Ice        #.....       100%        2    ###....
 Shroud of Golubria       Chrm/Tloc      #.........   100%        2    ###....
 Throw Flame              Conj/Fire      #.....       100%        2    ###....
 Call Canine Familiar     Summ           #.......     100%        3    ####...
 Confuse                  Hex            #.......     100%        3    ####...
 Conjure Flame            Conj/Fire      #.......     100%        3    ####...
 Dazzling Spray           Conj/Hex       #.....       100%        3    ####...
 Gell's Gravitas          Tloc           #.........   100%        3    ####...
 Inner Flame              Hex/Fire       #.......     100%        3    ####...
 Lesser Beckoning         Tloc           #.........   100%        3    ####...
 Mephitic Cloud           Conj/Pois/Air  #.......     100%        3    ####...
 Summon Guardian Golem    Hex/Summ       #.......     100%        3    ####...
 Teleport Other           Tloc           #.......     100%        3    ####...
 Tukima's Dance           Hex            #.......     100%        3    ####...
 Passage of Golubria      Tloc           N/A          100%        4    #####..
 Sticky Flame             Conj/Fire      #.......     100%        4    #####..
 Summon Ice Beast         Ice/Summ       #.......     100%        4    #####..
 Summon Lightning Spire   Summ/Air       #.......     100%        4    #####..
 Fireball                 Conj/Fire      #.........   100%        5    ######.
 Irradiate                Conj/Tmut      #.........   100%        5    ######.
 Silence                  Hex/Air        #.........   100%        5    ######.
 Deflect Missiles         Chrm/Air       #.........   100%        6    #######
 Hydra Form               Tmut           #.........   100%        6    #######
 Statue Form              Tmut/Erth      #........    100%        6    #######
 Dragon Form              Tmut           #.........   100%        7    #######
 Haunt                    Necr/Summ      #.........   100%        7    #######
 Borgnjor's Revivificati  Necr           #.........   100%        8    #######
 Death's Door             Chrm/Necr      #.........   100%        8    #######
 Infestation              Necr           #.........   100%        8    #######
 Necromutation            Tmut/Necr      #.........   100%        8    #######


Dungeon Overview and Level Annotations

Branches:
Dungeon (15/15)            Temple (1/1) D:6            Lair (6/6) D:8
  Swamp (4/4) Lair:4        Snake (4/4) Lair:4        Slime (0/5) Lair:5
    Orc (2/2) D:12            Elf (1/3) Orc:2        Vaults (5/5) D:13
  Crypt (0/3) Vaults:2     Depths (0/5) D:15

Altars:
Ashenzari
Cheibriados
Dithmenos
Elyvilon
Fedhas
Gozag
Hepliaklqana
Kikubaaqudgha
Makhleb
Nemelex Xobeh
Okawaru
Qazlal
Ru
Sif Muna
Trog
Uskayaw
Vehumet
Wu Jian
Xom
Yredelemnul
Zin
The Shining One
Jiyva

Shops:
D:12 }   D:14 :[(!(   Orc:2 [!(**   Snake:1 ([[   Snake:2 ?}=}   Vaults:3 !
Vaults:4 (


Innate Abilities, Weirdness & Mutations

You reflexively headbutt those who attack you in melee.
You have a pair of horns on your head.
[Scrolls take you much longer to read.]
[Your body often deteriorates upon taking damage.]
[You sometimes yell uncontrollably at your foes.]
[You are very weak. (Str -4)]
[Potions are poor at restoring your health.]


Message History

The Executioner hits you but does no damage.
The Executioner misses you. You block the Executioner's attack.
A starcursed mass splits. x2
A deafening chorus of shrieks assaults your mind!
* * * LOW HITPOINT WARNING * * *
You suddenly lose the ability to move!
The Executioner hits you.
* * * LOW HITPOINT WARNING * * *
The Executioner hits you but does no damage. x2
The starspawn tentacle barely misses you.
You can move again.
You block the Executioner's attack.
The Executioner hits you but does no damage.
You block the Executioner's attack.
The Executioner hits you but does no damage.
You block the Executioner's attack. x3
The Executioner hits you but does no damage.
You block the Executioner's attack. The starspawn tentacle grabs you.
The starspawn tentacle constricts you.
A deafening chorus of shrieks assaults your mind!
You die...

≈≈≈. ≈♣♣≈≈≈. ♣XX.
≈...≈≈≈
♣≈≈X♣♣♣♣≈......
♣≈XX≈≈.Λ.≈≈..♣♣ .# ♣♣♣
.≈.♣ ♣≈..3/Λ│≈≈...♣♣ .
.≈♣♣..≈♣#♣≈.≈/│WX≈≈≈..
♣ §.. ≈. .♣
..♣.│≈│3s..≈..≈♣ .
.≈≈≈ ≈ ♣#.#.ww1z♣♣≈.P≈
#≈≈≈≈≈≈.# ##.@♣♣zz4.♣
#≈ ≈ ≈≈##...##♣♣z
≈..#♣ ...3≈### ... #
...♣...♣ §§. ..$#..
....#z......# h#.h ♣♣
....( ..x.≈....##
w#3h♣♣♣ #.....
3#≈≈..≈## h ♣ ≈
.##.....##≈≈.≈.# ♣
.##♣##...##≈≈≈≈≈.#
G5.≈ ♣♣ ##.##.≈≈≈≈♣..#


You could see 5 starcursed masses, a tentacled starspawn, an Executioner, a
silent spectre, a sixfirhy, a smoke demon, a redback, 2 starspawn tentacles and
a flying skull.

Vanquished Creatures
  Margery (Vaults:3)
  Nikola (Swamp:3)
  A tentacled monstrosity (Vaults:5)
  A lich (Vaults:3)
  3 titans
  3 quicksilver dragons (Vaults:5)
  3 sphinxes
  4 shadow dragons
  2 storm dragons (Vaults:5)
  3 thorn hunters
  The ghost of ghwc the Bludgeoner, an adept DsBe of Trog (Swamp:4)
  14 nagarajas
  2 frost giants
  3 tengu reavers
  A fire giant (Vaults:3)
  20 vault wardens
  An iron dragon (Vaults:5)
  The ghost of VeryBadPlayer the Sorcerer, a journeyman DEWz of Sif Muna (Snake:1)
  13 very ugly things
  4 war gargoyles
  12 ironheart preservers
  14 stone giants
  2 entropy weavers
  2 deep elf annihilators
  2 deep elf demonologists
  Azrael (Snake:3)
  4 ettins
  3 deep elf death magi
  Snorg (Orc:1)
  A small abomination (Vaults:5)
  A deep elf high priest (Vaults:5)
  A fire dragon (Lair:6)
  5 ice dragons
  16 yaktaur captains
  20 naga warriors
  44 vault guards
  Harold (D:8)
  2 great orbs of eyes
  A rakshasa (Vaults:1)
  19 hydras
  2 catoblepae
  6 centaur warriors
  7 anacondas
  10 alligators
  6 ghost crabs (Swamp:3)
  37 two-headed ogres
  9 ogre magi
  A queen ant (Lair:2)
  4 death knights
  2 deep troll earth magi
  19 naga sharpshooters
  6 shock serpents
  Sonja (Orc:1)
  A deep elf knight (Vaults:2)
  The ghost of Peloso the Carver, a novice MiFi of Okawaru (D:9)
  5 hell knights (Vaults:3)
  A sixfirhy (Abyss:5)
  2 shadow wraiths
  A salamander mystic (Snake:3)
  3 skeletal warriors
  13 deep trolls
  9 spriggan druids
  3 wizards
  4 lindwurms
  8 naga ritualists
  An unseen horror (D:15)
  13 swamp dragons
  13 ironbrand convokers
  2 shambling mangroves
  13 orc knights
  3 necromancers
  2 phantasmal warriors
  A deep elf archer (Vaults:1)
  3 harpies (Vaults:3)
  17 deep elf magi
  3 oklob plants (Lair:1)
  A faun (shapeshifter) (D:13)
  11 mana vipers
  3 orc sorcerers
  14 ugly things
  10 cyclopes
  4 wolf spiders
  A wolf spider (shapeshifter) (Vaults:3)
  A moth of wrath (shapeshifter) (Vaults:4)
  4 elephants (Lair:4)
  43 black mambas
  4 apocalypse crabs (Swamp:3)
  4 salamanders
  13 naga magi
  15 vault sentinels
  5 torpor snails (Lair:6)
  A black mamba (shapeshifter) (Vaults:1)
  6 guardian serpents
  Maurice (D:8)
  An ice statue (IceCv)
  A gargoyle (D:13)
  21 spiny frogs
  A rime drake (Lair:4)
  3 komodo dragons
  31 yaktaurs
  18 freezing wraiths
  A troll (shapeshifter) (Vaults:3)
  8 trolls
  A polar bear (shapeshifter) (Vaults:1)
  16 tyrant leeches
  A merfolk (shapeshifter) (Vaults:5)
  A queen bee (Lair:4)
  A polar bear (Vaults:4)
  A wolf spider simulacrum (IceCv)
  6 meliai
  23 hornets
  A shadow dragon simulacrum (Vaults:4)
  A sphinx simulacrum (Vaults:3)
  Grinder (D:4)
  14 hippogriffs
  15 blink frogs
  5 bog bodies
  A stone giant simulacrum (Vaults:4)
  13 dream sheep
  A blink frog (shapeshifter) (Vaults:3)
  2 human simulacra
  22 slime creatures
  A shadow (Swamp:2)
  2 tarantellas (Vaults:3)
  10 redbacks
  5 wraiths
  2 vampires
  A human (shapeshifter) (D:13)
  50 yaks
  9 wyverns
  A human (D:7)
  8 spriggans
  4 fire elementals (Snake:3)
  2 basilisks
  4 hogs (D:7)
  A hungry ghost (D:7)
  A chaos spawn (Abyss:5)
  3 death yak simulacra (IceCv)
  20 vampire mosquitoes
  A warg (shapeshifter) (Vaults:2)
  4 insubstantial wisps (Swamp:1)
  4 wargs
  4 acid dragons
  81 nagas
  15 swamp worms
  26 water moccasins
  20 soldier ants (Lair:2)
  4 hell hounds (Snake:3)
  11 swamp drakes
  36 orc warriors
  4 porcupines
  7 sky beasts
  13 ice beasts
  6 necrophages
  3 black bears
  A sky beast (shapeshifter) (Vaults:2)
  5 eyes of draining
  2 phantoms
  51 ogres
  5 boggarts (Vaults:2)
  11 wolves
  6 centaurs (D:13)
  8 crocodiles
  7 big kobolds
  An elf zombie (Ossuary)
  19 bullfrogs
  An earth elemental (Orc:2)
  A gnoll sergeant (D:11)
  A water moccasin zombie (D:7)
  2 human skeletons (Vaults:4)
  A glowing shapeshifter simulacrum (Vaults:3)
  A water moccasin skeleton (D:9)
  10 scorpions
  An orc simulacrum (Vaults:1)
  35 killer bees
  9 wights
  2 howler monkeys
  8 crimson imps
  3 bullfrog zombies
  5 centaur zombies
  2 draconian simulacra (IceCv)
  2 quasits
  5 bullfrog skeletons
  3 centaur skeletons
  8 hounds
  4 human zombies (Ossuary)
  2 jellies
  18 orc priests
  Jessica (D:2)
  Terence (D:2)
  5 iguanas
  32 orc wizards
  27 worker ants
  4 troll simulacra (IceCv)
  2 spriggan simulacra (IceCv)
  A killer bee zombie (D:7)
  A big kobold zombie (Ossuary)
  3 centaur simulacra (IceCv)
  3 hound zombies (Ossuary)
  A hound skeleton (D:10)
  4 mummies
  2 worker ant zombies
  5 gnolls (D:11)
  A howler monkey skeleton (D:5)
  18 adders
  5 naga simulacra (IceCv)
  4 ogre simulacra (IceCv)
  3 shadow imps
  12 white imps (IceCv)
  3 oozes
  2 adder skeletons
  4 adder zombies
  2 worms (D:2)
  2 dart slugs
  4 leopard geckos
  129 orcs
  2 ball pythons
  7 bats
  11 giant cockroaches
  A gnoll zombie (Ossuary)
  2 goblins
  3 hobgoblins
  14 jackals
  34 kobolds
  5 quokkas
  A ball python skeleton (D:6)
  6 frilled lizards
  7 goblin zombies (Ossuary)
  7 hobgoblin zombies (Ossuary)
  4 kobold zombies (Ossuary)
  A leopard gecko skeleton (D:7)
  A quokka zombie (Ossuary)
  4 rats
  4 rat zombies (Ossuary)
  A bush (D:7)
  5 crawling corpses (Vaults:5)
  6 fungi
  10 plants
1838 creatures vanquished.

Vanquished Creatures (others)
  A naga warrior (Snake:4)
  A guardian serpent (Snake:2)
  A yaktaur (Vaults:5)
  A swamp worm (Swamp:3)
  An orc wizard (D:5)
  A bush (D:7)
  10 fungi
  37 plants
  2 starspawn tentacles (Abyss:5)
55 creatures vanquished.

Grand Total: 1893 creatures vanquished

Notes
Turn   | Place    | Note
-------+----------+-------------------------------------------
     0 | D:1      | rebmob the Minotaur Gladiator began the quest for the Orb.
     0 | D:1      | Reached XP level 1. HP: 18/18 MP: 0/0
    80 | D:1      | Found a snail-covered altar of Cheibriados.
   637 | D:2      | Reached XP level 2. HP: 15/25 MP: 1/1
   698 | D:2      | Reached skill level 1 in Armour
   711 | D:2      | Reached XP level 3. HP: 13/31 MP: 2/2
   742 | D:2      | Noticed Jessica
   920 | D:2      | Killed Jessica
   958 | D:2      | Found a hide-covered altar of Uskayaw.
   987 | D:2      | Reached XP level 4. HP: 37/39 MP: 3/3
  1013 | D:2      | Found a white marble altar of Elyvilon.
  1094 | D:2      | Found a sparkling altar of Nemelex Xobeh.
  1152 | D:2      | Noticed Terence
  1158 | D:2      | Killed Terence
  1251 | D:2      | Found a white marble altar of Elyvilon.
  1294 | D:2      | Found a stormy altar of Qazlal.
  1566 | D:3      | Found a faded altar of an unknown god.
  1693 | D:3      | Reached XP level 5. HP: 36/46 MP: 4/4
  1696 | D:3      | Reached skill level 5 in Axes
  1962 | D:3      | Found a sacrificial altar of Ru.
  2118 | D:4      | Reached XP level 6. HP: 28/55 MP: 5/5
  2125 | D:4      | Reached skill level 5 in Fighting
  2404 | D:4      | Found a glowing drain.
  2423 | Sewer    | Entered a sewer
  2509 | Sewer    | Reached XP level 7. HP: 60/62 MP: 6/6
  2724 | D:4      | Noticed Grinder
  2885 | D:4      | Paralysed by Grinder for 2 turns
  2902 | D:4      | Paralysed by Grinder for 7 turns
  2911 | D:4      | Killed Grinder
  3308 | D:4      | Found a burning altar of Makhleb.
  3389 | D:5      | Entered Level 5 of the Dungeon
  3396 | D:5      | Found a sand-covered staircase.
  3410 | Ossuary  | Entered an ossuary
  3535 | Ossuary  | Reached skill level 5 in Dodging
  3668 | Ossuary  | Reached XP level 8. HP: 51/71 MP: 7/7
  4383 | D:5      | Reached skill level 5 in Armour
  4519 | D:5      | Found an ornate altar of the Wu Jian Council.
  5144 | D:6      | Reached XP level 9. HP: 82/82 MP: 8/8
  5184 | D:6      | Found a staircase to the Ecumenical Temple.
  5192 | D:6      | Got a bloodstained buckler
  5201 | D:6      | Identified the +3 buckler "Cacea" {+Inv +Fly rElec MP+9}
                  | (You took it off an orc on level 6 of the Dungeon)
  5208 | Temple   | Entered the Ecumenical Temple
  5269 | Temple   | Became a worshipper of Warmaster Okawaru
  5297 | D:6      | Found an ancient bone altar of Kikubaaqudgha.
  5329 | D:6      | Found a shimmering altar of Xom.
  5559 | D:6      | Found a stormy altar of Qazlal.
  5577 | D:6      | Reached skill level 1 in Shields
  5699 | D:6      | Reached * piety under Okawaru
  6079 | D:6      | Reached skill level 1 in Invocations
  6371 | D:7      | Reached skill level 1 in Evocations
  6574 | D:7      | Reached skill level 10 in Axes
  6705 | D:7      | Reached ** piety under Okawaru
  6723 | D:7      | Found a shattered altar of Ashenzari.
  6829 | D:7      | Reached skill level 10 in Fighting
  6833 | D:7      | Reached XP level 10. HP: 93/93 MP: 10/10
  6998 | D:7      | Found a blossoming altar of Fedhas.
  7088 | D:7      | Reached *** piety under Okawaru
  7203 | D:8      | Noticed Harold
  7227 | D:8      | Killed Harold
  7698 | D:8      | Reached **** piety under Okawaru
  7701 | D:8      | Noticed Maurice
  7758 | D:8      | Found a bloodstained altar of Trog.
  7880 | D:8      | Found a staircase to the Lair.
  7925 | Lair:1   | Entered Level 1 of the Lair of Beasts
  7983 | D:8      | Killed Maurice
  7983 | D:8      | Received a gift from Okawaru
  8234 | D:8      | Found a snail-covered altar of Cheibriados.
  8421 | D:9      | Found a hazy altar of Hepliaklqana.
  8549 | D:9      | Reached skill level 5 in Shields
  8590 | D:9      | Paralysed by an orc for 3 turns
  8743 | D:9      | Reached XP level 11. HP: 102/102 MP: 12/12
  9070 | D:9      | Noticed a catoblepas
  9082 | D:9      | Killed a catoblepas
  9082 | D:9      | Reached ***** piety under Okawaru
  9087 | D:9      | Got a smoking robe
  9098 | D:9      | Identified the +1 robe of Rotation {rN+ Str+3} (You found
                  | it on level 9 of the Dungeon)
  9228 | D:9      | Found a runed door.
  9228 | D:9      | Noticed Peloso's ghost (novice MiFi)
  9331 | D:9      | Killed Peloso's ghost
  9926 | D:10     | Entered Level 10 of the Dungeon
 10190 | D:10     | Found a shadowy altar of Dithmenos.
 10198 | D:10     | Found a deep blue altar of Sif Muna.
 10975 | D:11     | Noticed a two-headed ogre
 10988 | D:11     | Killed a two-headed ogre
 10988 | D:11     | Received a gift from Okawaru
 11201 | D:11     | Reached ****** piety under Okawaru
 11422 | D:11     | Reached skill level 5 in Invocations
 11593 | D:11     | Reached XP level 12. HP: 108/113 MP: 14/14
 12139 | D:12     | Found a staircase to the Orcish Mines.
 12230 | D:12     | Noticed an eight-headed hydra
 12465 | D:12     | Found Caygimos's Gadget Shoppe.
 12563 | D:12     | Reached skill level 5 in Evocations
 12665 | D:12     | Got a slimy whip {slash}
 12677 | D:12     | Identified the cursed +2 whip "Lorem Ipsum" {slash, Int+4}
                  | (You took it off an orc on level 12 of the Dungeon)
 12880 | D:12     | Killed an eight-headed hydra
 13018 | D:13     | Got an ominously black robe
 13019 | D:13     | Identified the cursed +0 robe "Ojel" {rElec Regen+} (You
                  | found it on level 13 of the Dungeon)
 13071 | D:13     | Got a shimmering ivory amulet
 13075 | D:13     | Identified the amulet of Panentheism {Inacc rElec rF+ Str+4
                  | Int+4} (You found it on level 13 of the Dungeon)
 13247 | D:13     | Noticed a two-headed ogre
 13267 | D:13     | Killed a two-headed ogre
 13292 | D:13     | Noticed a two-headed ogre
 13302 | D:13     | Noticed a vault guard
 13318 | D:13     | Killed a vault guard
 13323 | D:13     | Noticed a vault guard
 13339 | D:13     | Killed a vault guard
 13373 | D:13     | Killed a two-headed ogre
 13373 | D:13     | Received a gift from Okawaru
 13600 | D:13     | Noticed a vault guard
 13601 | D:13     | Noticed a centaur warrior
 13614 | D:13     | Noticed a vault guard
 13621 | D:13     | Noticed a two-headed ogre
 13639 | D:13     | Killed a vault guard
 13646 | D:13     | Killed a centaur warrior
 13651 | D:13     | Killed a vault guard
 13651 | D:13     | Reached XP level 13. HP: 65/123 MP: 14/16
 13679 | D:13     | Reached skill level 10 in Armour
 14037 | D:13     | Found a gate to the Vaults.
 15078 | D:14     | Found Zicosh's Weapon Shoppe.
 15176 | D:14     | Found Oblouklegi's Book Shop.
 15180 | D:14     | Found Wugg's Distillery.
 15180 | D:14     | Found Nurr's Antique Armour Shop.
 15182 | D:14     | Found Orukeh's Weapon Shop.
 15313 | D:14     | Received a gift from Okawaru
 15536 | D:15     | Entered Level 15 of the Dungeon
 15820 | D:15     | Received a gift from Okawaru
 16226 | D:15     | Found a staircase to the Depths.
 16422 | D:15     | Reached skill level 15 in Axes
 17267 | Orc:1    | Entered Level 1 of the Orcish Mines
 17649 | Orc:1    | Noticed a stone giant
 17662 | Orc:1    | Killed a stone giant
 17662 | Orc:1    | Reached XP level 14. HP: 100/133 MP: 18/18
 17831 | Orc:1    | Noticed Snorg
 17851 | Orc:1    | Killed Snorg
 17851 | Orc:1    | Reached skill level 15 in Fighting
 17879 | Orc:1    | Noticed Sonja
 17896 | Orc:1    | Killed Sonja
 17946 | Orc:2    | Entered Level 2 of the Orcish Mines
 18112 | Orc:2    | Received a gift from Okawaru
 19084 | Orc:2    | Paralysed by an ogre mage for 5 turns
 19091 | Orc:2    | Reached skill level 10 in Shields
 19278 | Orc:2    | Found a staircase to the Elven Halls.
 19406 | Orc:2    | Found Qunil's Weapon Boutique.
 19406 | Orc:2    | Found Coropteudgh's General Store.
 19407 | Orc:2    | Found Vomil's Distillery.
 19407 | Orc:2    | Found Oduigai's General Store.
 19705 | Orc:2    | Found Qiem's Armour Emporium.
 19868 | Elf:1    | Entered Level 1 of the Elven Halls
 20766 | Lair:2   | Found a frozen archway.
 20779 | IceCv    | Entered an ice cave
 21179 | IceCv    | Received a gift from Okawaru
 21186 | IceCv    | Got a fine chain mail {god gift}
 21222 | IceCv    | Identified the +2 chain mail of a labyrinth {Str+2 Stlth+}
                  | (Okawaru gifted it to you in an ice cave)
 21394 | IceCv    | Found an ancient bone altar of Kikubaaqudgha.
 22070 | Lair:2   | Reached XP level 15. HP: 128/144 MP: 17/20
 24370 | Lair:4   | Found a staircase to the Swamp.
 24539 | Lair:4   | Found a staircase to the Snake Pit.
 24551 | Lair:4   | Received a gift from Okawaru
 25715 | Lair:5   | Found a viscous altar of Jiyva.
 25715 | Lair:5   | Found a staircase to the Slime Pits.
 25873 | Lair:6   | Entered Level 6 of the Lair of Beasts
 26980 | Lair:6   | Received a gift from Okawaru
 26986 | Lair:6   | Got a crystal hand axe {god gift}
 26987 | Lair:6   | Identified the +10 hand axe "Siuminodu" {chop, +Fly rElec
                  | Dex+4 SInv} (Okawaru gifted it to you on level 6 of the
                  | Lair of Beasts)
 27302 | Lair:6   | Found a runed door.
 27431 | Lair:6   | Reached XP level 16. HP: 111/155 MP: 21/21
 27989 | Snake:1  | Entered Level 1 of the Snake Pit
 28147 | Snake:1  | Found Lunil's Antique Armour Shop.
 28149 | Snake:1  | Found Ymaluim's Armour Boutique.
 28152 | Snake:1  | Found Puyllas's Weapon Shop.
 28172 | Snake:1  | Bought the +8 orange crystal plate armour {Archmagi, Int+3
                  | Clar} for 1734 gold pieces
 28172 | Snake:1  | Found the +8 orange crystal plate armour {Archmagi, Int+3
                  | Clar}
 28210 | Snake:1  | Identified the +2 helmet "Rutrow" {+Inv Str+8 Int-2} (You
                  | found it on level 1 of the Snake Pit)
 28305 | Snake:1  | Found a runed door.
 28306 | Snake:1  | Noticed VeryBadPlayer's ghost (journeyman DEWz)
 28435 | Snake:1  | Killed VeryBadPlayer's ghost
 28435 | Snake:1  | Received a gift from Okawaru
 28854 | Snake:2  | Found a hazy altar of Hepliaklqana.
 29221 | Snake:2  | Found Eshot's Magic Scroll Boutique.
 29237 | Snake:2  | Found Cacs's Gadget Boutique.
 29238 | Snake:2  | Found Hetiz's Jewellery Shoppe.
 29239 | Snake:2  | Found Itunerch's Gadget Boutique.
 30723 | Snake:3  | Noticed Azrael
 30823 | Snake:3  | Received a gift from Okawaru
 30826 | Snake:3  | Got a dazzling scale mail {god gift}
 30836 | Snake:3  | Identified the +2 scale mail of Noon {*Slow rC+++ Str-5
                  | Int+7} (Okawaru gifted it to you on level 3 of the Snake
                  | Pit)
 31075 | Snake:4  | Entered Level 4 of the Snake Pit
 31505 | Snake:3  | Killed Azrael
 31974 | Snake:4  | Reached XP level 17. HP: 164/166 MP: 22/22
 32548 | Snake:4  | Got a warped mace
 32549 | Snake:4  | Identified the cursed +1 mace of Moral Flaws {drain,
                  | *Corrode rN+++ Int+2 Dex+2} (You found it on level 4 of the
                  | Snake Pit)
 33362 | Snake:4  | Received a gift from Okawaru
 33472 | Snake:4  | Got a transparent large shield {god gift}
 33481 | Snake:4  | Identified the +4 large shield "Isaesofi" {Int+3 Slay+3}
                  | (Okawaru gifted it to you on level 4 of the Snake Pit)
 33673 | Snake:4  | Reached skill level 10 in Dodging
 33852 | Snake:4  | Reached skill level 15 in Armour
 33859 | Snake:4  | Got a serpentine rune of Zot
 34179 | Snake:4  | Received a gift from Okawaru
 34868 | Swamp:1  | Entered Level 1 of the Swamp
 35077 | Swamp:1  | Reached XP level 18. HP: 170/176 MP: 23/23
 36615 | Swamp:3  | Found a runed door.
 36943 | Swamp:3  | Noticed Nikola
 36959 | Swamp:3  | Killed Nikola
 36959 | Swamp:3  | Received a gift from Okawaru
 37204 | Swamp:3  | Identified the Reference Book on Excruciating
                  | Weightlessness
 37208 | Swamp:3  | Got a warped flail
 37209 | Swamp:3  | Identified the +9 flail of Ciqeepaw {freeze, +Inv rElec rF-
                  | Int+4} (You found it on level 3 of the Swamp)
 37472 | Swamp:4  | Entered Level 4 of the Swamp
 37554 | Swamp:4  | Found a runed door.
 37554 | Swamp:4  | Noticed ghwc's ghost (adept DsBe)
 37592 | Swamp:4  | Killed ghwc's ghost
 37808 | Swamp:4  | Received a gift from Okawaru
 37884 | Swamp:4  | Reached skill level 15 in Shields
 38310 | Swamp:4  | Got a decaying rune of Zot
 39223 | Vaults:1 | Entered Level 1 of the Vaults
 39517 | Vaults:1 | Reached XP level 19. HP: 139/187 MP: 24/24
 39827 | Vaults:1 | Found an iron altar of Okawaru.
 40275 | Vaults:1 | Received a gift from Okawaru
 40284 | Vaults:1 | Identified the +8 chain mail "Ydoreash" {rElec rPois Dex-3}
                  | (Okawaru gifted it to you on level 1 of the Vaults)
 42523 | Vaults:2 | Found a staircase to the Crypt.
 42523 | Vaults:2 | Found a basalt altar of Yredelemnul.
 42524 | Vaults:2 | Found an ancient bone altar of Kikubaaqudgha.
 42805 | Vaults:3 | Found Ofufraog's Distillery.
 43159 | Vaults:3 | Noticed Margery
 43191 | Vaults:3 | Killed Margery
 43191 | Vaults:3 | Reached XP level 20. HP: 151/198 MP: 19/25
 44160 | Vaults:3 | Received a gift from Okawaru
 44162 | Vaults:3 | Found the +7 longbow "Piercer" {penet, EV-2}
 45357 | Vaults:4 | Received a gift from Okawaru
 45611 | Vaults:4 | Reached XP level 21. HP: 206/206 MP: 27/27
 45846 | Vaults:4 | Found Rorakh's Antique Weapon Shoppe.
 45850 | Vaults:4 | Bought a steaming war axe for 399 gold pieces
 45850 | Vaults:4 | Bought a smoking hand axe for 376 gold pieces
 45850 | Vaults:4 | Identified the cursed +0 war axe of True Grit {chop, Str+4}
                  | (You bought it in a shop on level 4 of the Vaults)
 45851 | Vaults:4 | Identified the +3 hand axe "Qatioce" {freeze, *Contam
                  | Int+7} (You bought it in a shop on level 4 of the Vaults)
 46089 | Vaults:4 | Received a gift from Okawaru
 46095 | Vaults:4 | Got warped ice dragon scales {god gift}
 46106 | Vaults:4 | Identified the +1 ice dragon scales of Quakate {+Fly rF-
                  | rC++ rN+ Str+5} (Okawaru gifted it to you on level 4 of the
                  | Vaults)
 46339 | Vaults:5 | Entered Level 5 of the Vaults
 46383 | Vaults:5 | Reached skill level 10 in Invocations
 47130 | Vaults:5 | Received a gift from Okawaru
 47194 | Vaults:5 | Reached XP level 22. HP: 128/217 MP: 22/28
 47212 | Vaults:5 | Received a gift from Okawaru
 47241 | Vaults:5 | Noticed an ancient lich
 47275 | Vaults:5 | Cast into level 5 of the Abyss (an ancient lich)
 47275 | Abyss:5  | Entered Level 5 of the Abyss
 47399 | Abyss:5  | HP: 8/217 [Executioner (5)]
 47401 | Abyss:5  | Paralysed by accursed screaming for 1 turns
 47402 | Abyss:5  | Killed from afar by a starcursed mass

Skill      XL: |  1  2  3  4  5  6  7  8  9 10 11 12 13 14 15 16 17 18 19 20 21 22 |
---------------+-------------------------------------------------------------------+-----
Fighting       | 3 4 5 6 8 10 11 12 13 14 16 17 18 19 20 21 22 | 22.8
Axes           | 4 5 6 7 8 10 11 12 14 15 16 17 18 19 20 21 22 | 22.8
Armour         | 1 2 3 4 5 6 7 8 9 10 11 12 14 15 16 17 18 19 20 | 20.0
Dodging        | 4 5 6 8 9 10 | 10.0
Shields        | 3 5 6 8 9 10 11 12 13 15 16 17 18 | 18.8
Invocations    | 2 3 5 6 7 8 9 10 | 10.6
Evocations     | 1 3 4 5 6 7 |  7.7
Throwing       | |  2.0

Action                   |  1- 3 |  4- 6 |  7- 9 | 10-12 | 13-15 | 16-18 | 19-21 | 22-24 || total
-------------------------+-------+-------+-------+-------+-------+-------+-------+-------++-------
Melee: War axe           |    38 |   151 |   447 |   519 |       |       |       |       ||  1155
       Headbutt          |     7 |    18 |    89 |   185 |   349 |   634 |   583 |    23 ||  1888
       Broad axe         |       |       |       |   325 |  1318 |       |       |       ||  1643
       Whip              |       |       |       |     6 |    35 |       |       |       ||    41
       Hand axe          |       |       |       |       |    65 |  1759 |  1485 |    57 ||  3366
       Flail             |       |       |       |       |       |    19 |       |       ||    19
Invok: Heroism           |       |       |       |    11 |    11 |    10 |    14 |     1 ||    47
       Finesse           |       |       |       |       |    14 |    16 |    19 |     1 ||    50
 Abil: Evoke Invisibilit |       |       |       |     1 |     1 |       |       |       ||     2
       Evoke Flight      |       |       |       |     2 |       |       |       |       ||     2
Evoke: Wand              |       |       |     2 |       |       |       |       |       ||     2
  Use: Scroll            |     7 |       |    11 |    11 |    16 |    10 |     7 |       ||    62
       Potion            |       |       |     3 |     2 |       |     4 |     3 |     9 ||    21
 Stab: Invisible         |       |       |       |     3 |     2 |     2 |       |     2 ||     9
  Eat: Chunk             |       |     5 |     9 |    14 |    22 |     3 |     8 |       ||    61
       Ration            |       |       |     2 |     4 |     6 |    11 |     5 |       ||    28
Armor: Scale mail        |    16 |    76 |   164 |   249 |   202 |       |       |       ||   707
       Leather armour    |     3 |       |       |       |       |       |       |       ||     3
       Plate armour      |       |       |    38 |    23 |       |       |       |       ||    61
       Chain mail        |       |       |       |       |   185 |    15 |       |       ||   200
       Crystal plate arm |       |       |       |       |       |   562 |   315 |    42 ||   919
Dodge: Dodged            |    24 |    94 |   236 |   306 |   391 |   358 |   232 |    35 ||  1676
Block: Buckler           |       |       |    83 |   219 |       |       |       |       ||   302
       Shield            |       |       |       |   133 |   804 |   491 |       |       ||  1428
       Large shield      |       |       |       |       |       |   720 |  1129 |   124 ||  1973
